 Dungeon Crawl Stone Soup version 0.29.1-2-gbd0b4ee654 (webtiles) character file.

Game seed: 13382863251637967984

7 Ivernyr the Insei (level 2, -2/18 HPs)
             Began as an Octopode Transmuter on Oct 29, 2022.
             Slain by a quokka (4 damage)
             ... on level 1 of the Dungeon.
             The game lasted 00:00:32 (536 turns).

Ivernyr the Insei (Octopode Transmuter)              Turns: 536, Time: 00:00:33

Health: -2/18      AC:  1    Str:  9    XL:     2   Next: 4%
Magic:  4/5        EV: 13    Int: 15    God:
Gold:   21         SH:  0    Dex: 12    Spells: 4/5 levels left

rFire   . . .      SeeInvis .     - Unarmed
rCold   . . .      Faith    .   (no shield)
rNeg    . . .      Spirit   .   (helmet currently unavailable)
rPois   .          Reflect  .   (no amulet)
rElec   .          Harm     .   (no ring)
rCorr   .          Rampage  .   (no ring)
Will    .....                   (no ring)
Stlth   ++........              (no ring)
HPRegen 0.06/turn               (no ring)
MPRegen 0.09/turn               (no ring)
                                (no ring)
                                (no ring)

@: appendages
A: tentacle spike 3, almost no armour, amphibious, 8 rings, camouflage 1,
gelatinous body 1, (nimble swimmer 1), tentacles
a: End Transformation


You were on level 1 of the Dungeon.
One of your tentacles had grown a beastly spike.
You visited 1 branch of the dungeon, and saw 1 of its levels.

You collected 21 gold pieces.

Inventory:

Scrolls
 b - a scroll of identify {unknown}
Potions
 a - a potion of lignification


   Skills:
 + Level 1.2 Fighting
 + Level 2.1 Dodging
 - Level 3.0 Unarmed Combat
 + Level 2.1 Spellcasting
 * Level 2.3 Transmutations


You had 4 spell levels left.
You knew the following spells:

 Your Spells              Type           Power      Damage    Failure   Level
a - Beastly Appendage     Tmut           16%        N/A       9%          1

Your spell library contained the following spells:

 Spells                   Type           Power      Damage    Failure   Level
 Wereblood                Tmut           8%         N/A       13%         2
 Spider Form              Tmut/Pois      5%         N/A       38%         3
 Ice Form                 Ice/Tmut       5%         N/A       80%         4


Dungeon Overview and Level Annotations

Branches:
Dungeon (1/15)

Altars:


Innate Abilities, Weirdness & Mutations

One of your tentacles has grown a beastly spike.
You cannot wear most types of armour.
You are amphibious.
You can wear up to eight rings at the same time.
Your skin changes colour to match your surroundings (Stealth+).
Your rubbery body absorbs attacks. (AC +1, EV +1)
((You are camouflaged when in or above water. (Stealth+)))
You have tentacles for arms and can constrict up to eight enemies at once.


Message History

You barely miss the goblin. Your grab misses the goblin.
The goblin hits you with a +0 club.
You closely miss the goblin. Your grab misses the goblin.
Your squeeze misses the goblin. The goblin closely misses you.
You tentacle-slap the goblin.
You kill the goblin!
Things that are here:
a +0 club; a goblin skeleton You now have 21 gold pieces (gained 7).
As you open the door, it creaks loudly!
A goblin comes into view. It is wielding a +0 dagger.
The goblin shouts!
Found a cloak and an encrusted brass ring.
There is an open door here.
A quokka comes into view.
The goblin hits you with a +0 dagger.
You completely miss the goblin. Your grab misses the goblin.
The goblin hits you with a +0 dagger.
You completely miss the goblin. You grab the goblin. You constrict the goblin.
The quokka twitches its whiskers.
The goblin barely misses you.
You release your grip on the goblin.
There is an open door here.
The goblin attacks as you move away! The goblin hits you with a +0 dagger.
* * * LOW HITPOINT WARNING * * *
You tentacle-slap the goblin.
You kill the goblin!
You have reached level 2!
Casting: Beastly Appendage (safe; 9% risk of failure)
Confirm with . or Enter, or press ? or * to list all spells.
One of your tentacles grows a vicious spike.
The quokka bites you.
* * * LOW HITPOINT WARNING * * *
Unknown command.
You tentacle-slap the quokka. Your grab misses the quokka.
You pierce the quokka, but do no damage.
Your squeeze misses the quokka.
The quokka is severely wounded.
The quokka bites you.
You die...

##.#.#.#.# #.
#.#.#.#.# #. #
#.#.#.#.# #. ###.
#.#.#.#.####
....#####
...##...#.#.....
#......#
#.......#.#..###
#......#
#.#####.#.#...
#......##########.#
#..#.
#...[..'r@........#
#..#.#
#......############
##.# # #=...... ..#
######### ###


You could see a quokka.

Vanquished Creatures
  2 goblins (D:1)
  2 hobgoblins (D:1)
  A kobold (D:1)
  A rat (D:1)
6 creatures vanquished.

Notes
Turn   | Place    | Note
-------+----------+-------------------------------------------
     0 | D:1      | Ivernyr the Octopode Transmuter began the quest for the
                  | Orb.
     0 | D:1      | Reached XP level 1. HP: 13/13 MP: 3/3
    37 | D:1      | Found a faded altar of an unknown god.
   535 | D:1      | Reached XP level 2. HP: 4/18 MP: 5/5
   536 | D:1      | Slain by a quokka

Illustrated notes

Levels and vault maps discovered:
D:1:      roderic_octagonal_star, layout_basic, basic_ecumenical_altar,
          serial_shops, shop

Action                   || total
-------------------------++-------
Melee: Unarmed           ||    22
       Constrict         ||     3
       Tentacles         ||     3
       Kick              ||     1
 Cast: Beastly Appendage ||     1
 Stab: Sleeping          ||     1
Dodge: Dodged            ||     9
